 Dungeon Crawl Stone Soup version 0.23-a0-622-g59b4ea9 (webtiles) character file.

72 Lavandula the Cutter (level 4, -2/27 HPs)
             Began as a Halfling Enchanter on Dec 23, 2018.
             Slain by Purgy (5 damage)
             ... in a sewer.
             The game lasted 00:06:57 (1360 turns).

Lavandula the Cutter (Halfling Enchanter)           Turns: 1360, Time: 00:06:58

Health: -2/27      AC:  3    Str:  7 (9)  XL:     4   Next: 48%
Magic:  2/6        EV: 14    Int: 13 (14) God:
Gold:   93         SH:  0    Dex: 12 (14) Spells: 0/6 levels left

rFire    . . .     SeeInvis .   a - +2 dagger
rCold    . . .     Gourm    .   (shield restricted)
rNeg     . . .     Faith    .   b - +1 robe
rPois    .         Spirit   .   (no helmet)
rElec    .         Reflect  .   (no cloak)
rCorr    .         Harm     .   (no gloves)
MR       +....                  (no boots)
Stlth    +.........             (no amulet)
HPRegen  0.09/turn              k - ring of protection from magic
MPRegen  0.10/turn              (no ring)

@: very slow
A: small, mutation resistance 1
a: no special abilities


You were in a sewer.
You were not hungry.

You visited 1 branch of the dungeon, and saw 3 of its levels.
You also visited: Sewer.

You collected 93 gold pieces.

Inventory:

Hand Weapons
 a - a +2 dagger (weapon)
Missiles
 g - 19 sling bullets
Armour
 b - a +1 robe (worn)
Jewellery
 k - a ring of protection from magic (left hand)
Scrolls
 e - a scroll of noise
 h - 2 scrolls of enchant armour
 i - 2 scrolls of blinking {unknown}
Comestibles
 c - 5 chunks of flesh
 d - 4 rations


   Skills:
 + Level 4.8 Short Blades
 - Level 2.1 Dodging
 - Level 3.2 Stealth
 - Level 1.5 Spellcasting
 - Level 2.4 Hexes


You couldn't memorise any spells.
You knew the following spells:

 Your Spells              Type           Power        Failure   Level  Hunger
a - Corona                Hex            #......      10%         1    ##.....
b - Ensorcelled Hibernat  Hex/Ice        #.....       24%         2    ###....
c - Dazzling Spray        Conj/Hex       #.....       43%         3    ####...

Your spell library contained the following spells:

 Spells                   Type           Power        Failure   Level  Hunger
 Confuse                  Hex            #.......     30%         3    ####...
 Tukima's Dance           Hex            #.......     30%         3    ####...


Dungeon Overview and Level Annotations

Branches:
Dungeon (3/15)

Altars:
Wu Jian

Annotations:
Sewer Purgy


Innate Abilities, Weirdness & Mutations

You are small and have problems with some larger weapons.
You are somewhat resistant to further mutation.


Message History

Aiming: Dazzling Spray (slightly dangerous; 43% risk of failure)
Press: ? - help, Shift-Dir - straight line, f/p - Purgy
Aim: Purgy (heavily wounded)
The spray of energy misses Purgy.
Purgy bites you.
* * * LOW HITPOINT WARNING * * *
Purgy completely misses you. Purgy claws you.
* * * LOW HITPOINT WARNING * * *
Casting: Dazzling Spray (slightly dangerous; 43% risk of failure)
Confirm with . or Enter, or press ? or * to list all spells.
You don't have enough magic to cast that spell.
Unknown command.
Unknown command.
Unknown command.
You enter the shallow water.
Moving in this stuff is going to be slow.
Purgy completely misses you. Purgy misses you.
Purgy claws you but does no damage.
Unknown command.
Purgy bites you.
You die...

#≈≈≈≈≈≈≈≈≈≈≈≈≈≈≈≈≈≈≈
####≈≈≈≈≈≈≈≈≈≈≈≈≈≈≈≈≈≈≈
##≈≈≈≈≈≈≈≈≈≈≈≈≈≈≈≈≈≈≈≈≈≈
##≈≈≈≈≈≈≈≈≈≈≈≈≈≈≈≈≈≈≈≈≈≈≈
##≈≈≈≈≈≈≈≈≈≈≈≈≈≈.≈÷≈≈≈≈≈≈≈
##≈≈≈≈≈≈≈≈≈≈≈≈≈≈≈.##.≈≈≈≈≈≈
≈≈≈≈≈≈≈≈≈≈≈≈≈≈.≈.#####≈≈≈≈≈
≈≈≈≈≈≈≈≈≈≈≈≈≈≈#### #≈≈≈≈≈
≈≈≈≈≈≈≈≈≈≈@.≈## ##≈≈≈≈
#≈≈≈≈≈≈≈≈T#### #....
#≈≈≈≈≈≈≈≈≈.# #..≈≈
≈≈≈≈≈≈≈≈≈.## #####
#≈≈≈≈≈≈.### # #≈≈≈≈≈≈≈## ##
≈≈≈≈≈≈≈≈.# #∩
≈≈≈≈≈≈≈≈≈#######! #∩
#≈≈≈≈≈≈≈≈.≈≈.≈... #.


You could see Purgy.

Vanquished Creatures
  4 adders (D:3)
  A worm (D:3)
  A dart slug (D:1)
  A leopard gecko (D:3)
  2 ball pythons (Sewer)
  A giant cockroach (D:3)
  6 hobgoblins
  2 bats
  3 frilled lizards
  2 goblins (D:3)
  3 kobolds
  8 rats
34 creatures vanquished.

Notes
Turn   | Place    | Note
-------+----------+-------------------------------------------
     0 | D:1      | Lavandula the Halfling Enchanter began the quest for the
                  | Orb.
     0 | D:1      | Reached XP level 1. HP: 11/11 MP: 3/3
    86 | D:1      | Reached skill level 2 in Short Blades
   207 | D:2      | Reached XP level 2. HP: 8/17 MP: 0/4
   608 | D:2      | Learned a level 2 spell: Ensorcelled Hibernation
   656 | D:3      | Reached skill level 3 in Short Blades
   792 | D:3      | Reached XP level 3. HP: 14/21 MP: 1/5
   819 | D:3      | Found an ornate altar of the Wu Jian Council.
   945 | D:3      | Reached skill level 4 in Short Blades
  1110 | D:3      | Reached XP level 4. HP: 11/27 MP: 1/6
  1275 | D:3      | Found a glowing drain.
  1279 | Sewer    | Entered a sewer
  1325 | Sewer    | Learned a level 3 spell: Dazzling Spray
  1345 | Sewer    | Noticed Purgy
  1360 | Sewer    | Slain by Purgy

Vault maps used:
D:1:      dpeg_arrival_simpleton_b, tso_altar
D:2:      cheibrodos_gnoll_hut
D:3:      lemuel_crystal_altar, gup_sewer_entry_spiral, first_ration
Sewer:    sewer_co_purgy_island

Skill      XL: |  1  2  3 |
---------------+----------+-----
Short Blades   | 2 3 4 |  4.8
Dodging        | |  2.1
Stealth        | |  3.2
Spellcasting   | |  1.5
Hexes          | |  2.4

Action                   |  1- 3 |  4- 6 || total
-------------------------+-------+-------++-------
Melee: Dagger            |    99 |    31 ||   130
 Cast: Corona            |     8 |     1 ||     9
       Ensorcelled Hiber |     3 |     6 ||     9
       Dazzling Spray    |       |     1 ||     1
  Use: Scroll            |     4 |       ||     4
       Potion            |       |     3 ||     3
 Stab: Sleeping          |     7 |     2 ||     9
  Eat: Chunk             |       |     3 ||     3
Armor: Robe              |     9 |     8 ||    17
Dodge: Dodged            |    62 |    20 ||    82

Table legend:
 A = Non-vault XP
 B = Vault XP
 C = Vault XP percentage of total XP
 D = Non-vault monster count
 E = Vault monster count
 F = Vault count percentage of total count
                 A         B        C        D         E       F
            +---------+---------+-------+---------+---------+-------
      Total |      61 |      42 |  40.8 |      23 |      11 |  32.4
            +---------+---------+-------+---------+---------+-------
        D:1 |       8 |       0 |   0.0 |       4 |       0 |   0.0
        D:2 |      11 |       0 |   0.0 |       7 |       0 |   0.0
        D:3 |      42 |      37 |  46.8 |      12 |       7 |  36.8
      Sewer |       0 |       5 | 100.0 |       0 |       4 | 100.0
            +---------+---------+-------+---------+---------+-------
